Map: Efímero EE

Players

DPGPartinG (PartinG) - Winner!

  • Race: Protoss Protoss
  • League: Grandmaster
  • Spawn Location: 11:00

SpeCial

  • Race: Terran Terran
  • League: Grandmaster
  • Spawn Location: 5:00

VOD

Have the link to the VOD?

Description

Time

  • Played on: Jan. 16, 2020, 4:19 a.m.
  • Length: 18:18
Show
View Real Time Build Order
Export as new Build Order

DPGPartinG Protoss - Winner!

Build Orders: 1 Gate Expand, Blink Stalkers, Colossus Rush 

Get SALT Encoding   

  12  0:00  Probe  
  13  0:12  Probe  
  14  0:17  Pylon  
  14  0:25  Probe (Chrono Boost)  
  15  0:37  Probe (Chrono Boost), Gateway  
  16  0:45  Probe (Chrono Boost)  
  16  0:46  Assimilator  
  17  0:51  Probe  
  18  1:03  Probe  
  19  1:15  Probe  
  20  1:24  Cybernetics Core  
  20  1:34  Nexus  
  20  1:41  Pylon  
  20  1:43  Probe  
  21  1:50  Assimilator  
  21  1:57  Probe, Stalker (Chrono Boost)  
  24  2:05  Warp Gate  
  24  2:10  Shield Battery  
  24  2:13  Probe  
  25  2:20  Stalker (Chrono Boost)  
  27  2:26  Probe  
  28  2:36  Twilight Council  
  28  2:42  Probe (Chrono Boost)  
  29  2:46  Probe (Chrono Boost)  
  30  2:56  Probe x2 (Chrono Boost), Stalker  
  34  3:01  Probe (Chrono Boost)  
  34  3:04  Probe  
  36  3:06  Blink (Chrono Boost)  
  36  3:13  Probe  
  36  3:16  Probe  
  38  3:25  Probe, Gateway  
  39  3:29  Probe  
  39  3:32  Robotics Facility  
  40  3:37  Probe  
  40  3:41  Probe, Assimilator  
  42  3:45  Assimilator  
  42  3:51  Pylon  
  42  3:52  Probe  
  42  3:53  Probe  
  44  4:00  Pylon  
  40  4:06  Stalker  
  42  4:17  Probe (Chrono Boost)  
  41  4:19  Observer  
  41  4:21  Probe (Chrono Boost), Stalker  
  44  4:27  Probe (Chrono Boost)  
  44  4:30  Probe (Chrono Boost)  
  44  4:31  Pylon  
  46  4:32  Probe (Chrono Boost)  
  46  4:35  Stalker  
  49  4:40  Probe (Chrono Boost), Observer  
  49  4:43  Probe (Chrono Boost)  
  52  4:47  Robotics Bay  
  53  4:55  Probe (Chrono Boost)  
  53  4:56  Charge  
  53  4:58  Probe (Chrono Boost)  
  54  5:02  Probe (Chrono Boost), Observer  
  52  5:09  Probe  
  52  5:10  Probe  
  52  5:22  Probe x2  
  54  5:31  Stalker x2  
  54  5:34  Probe  
  59  5:37  Colossus (Chrono Boost)  
  59  5:39  Probe  
  66  5:45  Observer  
  66  5:46  Probe  
  66  5:49  Pylon  
  67  5:51  Extended Thermal Lance  
  67  5:54  Probe  
  68  5:59  Probe  
  69  6:10  Nexus  
  69  6:12  Probe x2  
  70  6:20  Colossus (Chrono Boost)  
  76  6:28  Probe, Pylon  
  76  6:29  Probe  
  78  6:33  Pylon  
  78  6:36  Observer  
  78  6:39  Forge  
  78  6:42  Pylon  
  78  6:43  Observer  
  78  6:51  Probe x2  
  80  6:58  Protoss Ground Weapons Level 1 (Chrono Boost)  
  81  7:09  Probe x2  
  81  7:11  Gateway  
  81  7:13  Gateway  
  83  7:15  Sentry x2  
  83  7:22  Probe, Colossus (Chrono Boost)  
  88  7:23  Probe x2, Gateway x2  
  93  7:35  Gateway x2  
  93  7:36  Probe  
  94  7:40  Probe  
  94  7:41  Probe  
  96  7:46  Pylon  
  96  7:53  Pylon  
  96  7:54  Probe  
  97  7:59  Warp Prism (Chrono Boost), Zealot x2  
  97  8:01  Probe, Pylon  
  97  8:02  Probe  
  105  8:10  Observer  
  105  8:11  Templar Archives  
  105  8:17  Zealot x3  
  111  8:23  Assimilator x2  
  111  8:27  Pylon, Zealot x3  
  111  8:33  Pylon  
  117  8:35  Zealot x2, Observer  
  122  8:41  Zealot  
  122  8:42  Zealot x2  
  122  8:45  Probe x2  
  122  8:48  Probe  
  131  8:52  Protoss Ground Armor Level 1 (Chrono Boost)  
  131  8:57  Nexus  
  131  9:03  High Templar x6  
  131  9:06  Pylon  
  131  9:07  Archon x2  
  131  9:08  Archon  
  131  9:09  Observer  
  142  9:10  High Templar x2  
  142  9:14  Archon  
  142  9:15  Psionic Storm  
  146  9:17  Gateway  
  146  9:19  Gateway  
  146  9:20  Probe x2  
  147  9:34  Gravitic Drive (Chrono Boost)  
  147  9:39  Forge  
  147  9:44  Zealot x5  
  157  9:50  Stalker x2  
  161  9:56  Stalker  
  162  10:05  Robotics Facility  
  162  10:06  Immortal (Chrono Boost)  
  162  10:08  Probe x3  
  167  10:22  Probe (Chrono Boost)  
  171  10:28  Protoss Ground Weapons Level 2 (Chrono Boost)  
  171  10:31  Probe x4 (Chrono Boost)  
  171  10:33  Stalker x2  
  171  10:35  High Templar x2  
  180  10:40  Pylon  
  180  10:42  Pylon  
  180  10:43  Pylon, Protoss Ground Armor Level 2 (Chrono Boost)  
  180  10:44  Pylon  
  180  10:45  Pylon  
  180  10:46  Pylon  
  176  11:11  Zealot x10  
  188  11:24  Immortal x2  
  170  11:34  Observer  
  170  11:39  Zealot x3  
  176  11:40  Zealot x7  
  176  12:02  Stalker x2  
  176  12:03  Stalker x4  
  170  12:16  High Templar x4  
  170  12:18  Immortal x2 (Chrono Boost)  
  185  12:23  Probe (Chrono Boost)  
  185  12:25  Assimilator x2  
  186  12:32  Probe (Chrono Boost)  
  187  12:39  Zealot x6  
  183  12:52  Zealot  
  183  12:53  Zealot x7  
  199  13:04  Zealot x2  
  171  13:09  Archon  
  171  13:10  Archon  
  171  13:12  Warp Prism (Chrono Boost)  
  139  13:13  Zealot x3  
  139  13:14  Zealot x5  
  139  13:16  Warp Prism (Chrono Boost)  
  113  13:33  High Templar x2  
  113  13:34  High Templar x8, Nexus  
  107  13:38  Archon x4  
  107  13:39  Archon  
  107  13:40  Observer  
  114  13:45  Pylon, Observer  
  114  13:47  Pylon  
  115  13:53  Protoss Ground Weapons Level 3 (Chrono Boost)  
  115  13:56  Observer  
  115  13:57  Probe x3, Protoss Ground Armor Level 3 (Chrono Boost)  
  118  14:06  Pylon, Zealot x7  
  118  14:07  Zealot  
  134  14:12  Stalker x2  
  136  14:26  Zealot  
  136  14:27  Zealot  
  140  14:31  Zealot x6  
  140  14:38  Zealot x2  
  154  14:48  Zealot x2  
  158  14:53  Probe, Observer  
  158  14:54  Zealot x6  
  171  15:04  High Templar x2  
  153  15:09  Disruptor x2 (Chrono Boost)  
  153  15:10  High Templar x2  
  163  15:24  High Templar x3  
  163  15:25  Zealot x3  
  163  15:27  Assimilator  
  175  15:28  Assimilator  
  175  15:30  Photon Cannon  
  175  15:32  Photon Cannon  
  175  15:33  Shield Battery  
  175  15:34  Probe x2  
  175  15:37  Warp Prism (Chrono Boost)  
  177  15:46  Stalker x6  
  177  15:48  Sentry  
  177  15:49  Disruptor (Chrono Boost)  
  194  16:02  Dark Shrine  
  194  16:05  Disruptor (Chrono Boost)  
  187  16:35  Zealot x2  
  187  16:36  Zealot x4  
  165  16:48  Colossus (Chrono Boost)  
  165  16:50  Zealot x4  
  165  16:53  Colossus (Chrono Boost)  
  171  17:04  Archon  
  171  17:05  Zealot x5  
  171  17:06  Zealot  
  165  17:13  Zealot x4  
  167  17:20  Observer  
  166  17:27  Zealot x3  
  166  17:28  Zealot x3  
  178  17:32  Pylon  
  178  17:33  Nexus  
  178  17:34  High Templar x4  
  185  17:38  Archon x2  
  179  17:48  Zealot x6  
Show
View Real Time Build Order
Export as new Build Order

SpeCial Terran 

Build Orders: Gas First Reaper Expand, Banshee Rush 

Get SALT Encoding   

  12  0:00  SCV  
  13  0:13  SCV  
  14  0:17  Supply Depot  
  14  0:25  SCV  
  14  0:27  Refinery  
  15  0:38  SCV  
  16  0:44  Barracks  
  16  0:50  SCV  
  17  1:03  SCV  
  18  1:15  SCV  
  19  1:31  Orbital Command, Reaper  
  20  1:45  Command Center  
  20  1:58  Factory  
  20  1:59  SCV  
  21  2:05  Barracks Reactor  
  21  2:12  SCV  
  22  2:16  Supply Depot  
  22  2:19  Refinery  
  22  2:24  SCV  
  23  2:37  SCV  
  24  2:45  Starport  
  24  2:48  Hellion  
  24  2:49  SCV, Hellion  
  29  2:55  Barracks Tech Lab  
  29  2:59  Orbital Command  
  29  3:02  SCV  
  30  3:10  Hellion  
  32  3:13  Hellion  
  32  3:17  SCV, Orbital Command  
  35  3:28  Cloaking Field  
  35  3:29  SCV  
  35  3:30  Banshee  
  39  3:38  Marine x2  
  39  3:41  SCV, Factory Tech Lab  
  42  3:43  SCV  
  43  3:53  SCV  
  43  3:55  SCV  
  42  4:05  Marine x2, SCV  
  42  4:09  SCV  
  44  4:15  Banshee, Siege Tank  
  46  4:20  Supply Depot  
  46  4:27  Marine x2, SCV x2  
  50  4:34  Command Center  
  50  4:39  SCV x2  
  50  4:44  Supply Depot  
  50  4:45  Marine x2  
  54  4:48  Siege Tank  
  54  4:51  SCV  
  58  4:53  SCV  
  59  5:03  Marine x2, SCV  
  59  5:06  SCV  
  63  5:14  Raven, Barracks  
  63  5:16  SCV  
  63  5:18  SCV  
  63  5:19  Barracks  
  63  5:20  Marine x2  
  69  5:27  Refinery x2  
  69  5:28  SCV  
  67  5:32  SCV  
  68  5:37  Engineering Bay  
  68  5:38  Marine x2, Engineering Bay  
  68  5:39  Supply Depot  
  70  5:45  SCV x2, Siege Tank  
  75  5:53  Orbital Command  
  72  5:57  SCV x2, Marine  
  72  5:58  Marine  
  72  6:04  Terran Infantry Weapons Level 1  
  76  6:06  Terran Infantry Armor Level 1  
  76  6:13  SCV x2  
  76  6:16  Marine, Starport Reactor  
  79  6:18  Orbital Command, Barracks Tech Lab  
  79  6:24  Marine x2  
  79  6:25  SCV, Stimpack  
  82  6:30  SCV  
  82  6:35  Siege Tank  
  85  6:41  SCV  
  85  6:44  Missile Turret  
  85  6:45  SCV  
  85  6:46  Marine x2, Barracks  
  85  6:47  SCV, Barracks, Marauder x2  
  91  6:49  Supply Depot  
  91  6:53  SCV  
  93  6:59  Supply Depot  
  93  7:02  SCV x2  
  93  7:04  Marine x2  
  93  7:05  SCV  
  93  7:07  Medivac  
  100  7:11  Medivac, Siege Tank  
  100  7:14  SCV x2  
  107  7:17  SCV, Missile Turret  
  107  7:21  Marauder x2  
  112  7:24  Combat Shield, Supply Depot  
  112  7:26  SCV x2  
  112  7:29  SCV  
  115  7:33  Marine x2  
  115  7:35  Supply Depot  
  115  7:36  Barracks Reactor, Barracks Tech Lab  
  117  7:43  Supply Depot  
  117  7:45  Marauder x2  
  117  7:50  Refinery  
  117  7:51  Marine x2, Refinery  
  121  7:56  Marauder, Siege Tank  
  121  7:58  Supply Depot  
  128  8:00  SCV x3  
  131  8:09  Marine x2  
  131  8:10  Concussive Shells  
  131  8:11  Armory  
  133  8:15  SCV x3  
  133  8:19  Sensor Tower  
  136  8:24  Marine x2  
  136  8:25  Marine x3, Missile Turret  
  139  8:29  Factory  
  139  8:30  Factory  
  139  8:38  Marine x2  
  139  8:40  Siege Tank  
  144  8:42  Supply Depot  
  144  8:44  Marine x2  
  144  8:47  Medivac  
  147  8:49  Medivac  
  149  9:00  Supply Depot  
  149  9:02  Supply Depot  
  149  9:04  Marauder x3  
  149  9:07  Terran Infantry Weapons Level 2  
  155  9:11  Command Center  
  155  9:13  Terran Infantry Armor Level 2  
  155  9:16  Factory Tech Lab  
  155  9:17  Marine x2, Factory Tech Lab  
  155  9:18  Marine x2  
  158  9:25  Marine x3  
  158  9:29  SCV x2  
  163  9:31  Ghost Academy  
  163  9:32  Terran Vehicle Weapons Level 1  
  163  9:34  Siege Tank  
  163  9:35  Marine  
  167  9:38  Marine x2  
  167  9:39  Marine  
  167  9:43  Marine x2  
  167  9:44  Siege Tank  
  175  9:49  Siege Tank  
  178  9:59  Marine x3  
  181  10:04  Supply Depot  
  181  10:05  Marine  
  167  10:22  Siege Tank  
  167  10:23  Marine  
  167  10:24  Marine x3  
  167  10:25  Barracks  
  167  10:26  Barracks x2  
  167  10:27  Siege Tank  
  177  10:36  Marine, Unknown x2, Siege Tank  
  177  10:41  Marine x3  
  177  10:42  Marine  
  185  10:45  Unknown  
  185  10:48  Marine, Marauder  
  188  10:54  Marauder, Siege Tank  
  192  10:59  Marine x2  
  192  11:00  Marine  
  192  11:03  Marine  
  196  11:06  Marauder  
  196  11:08  Liberator  
  196  11:09  Marauder  
  194  11:19  Marine, Marauder  
  194  11:22  Marine  
  194  11:25  Medivac  
  195  11:27  Marine, Marauder  
  195  11:30  Marine, Siege Tank  
  200  11:33  Barracks Tech Lab  
  200  11:34  Barracks Tech Lab  
  200  11:46  Marine  
  198  11:47  Marauder  
  198  11:49  Marine, Marauder  
  194  11:58  Siege Tank  
  194  11:59  Marine  
  194  12:00  Marauder  
  194  12:01  Marine  
  198  12:09  Planetary Fortress  
  198  12:11  Marine, Marauder  
  198  12:12  Marine  
  198  12:15  SCV x2  
  200  12:24  Terran Infantry Weapons Level 3  
  200  12:31  Command Center  
  200  12:33  Barracks Tech Lab  
  196  12:39  Marine x2, Marauder  
  196  12:40  Marauder  
  196  12:43  Marine, Marauder  
  196  12:48  Siege Tank  
  196  12:49  Terran Vehicle Weapons Level 2  
  195  12:51  Siege Tank  
  195  12:53  SCV x2  
  195  12:56  Marine  
  200  13:03  Marine  
  200  13:04  Marauder  
  179  13:06  Marine, Marauder  
  179  13:08  Siege Tank  
  179  13:12  Marine, Marauder  
  137  13:15  Marine, Marauder  
  137  13:16  SCV x3  
  137  13:17  Marine, Marauder  
  125  13:21  Marine  
  125  13:23  Marine  
  125  13:25  Marauder  
  120  13:27  Marine  
  120  13:29  Marine  
  120  13:31  Siege Tank  
  120  13:32  SCV x2  
  120  13:34  Marauder  
  123  13:35  SCV  
  123  13:39  Marine x3  
  123  13:40  Marine  
  127  13:44  Marine  
  127  13:45  SCV x2  
  130  13:49  SCV  
  130  13:52  Marine x3  
  130  13:54  Marine, Sensor Tower  
  135  13:57  Marine x2  
  135  13:59  Marine, Marauder  
  135  14:01  Marine  
  141  14:04  SCV, Siege Tank  
  141  14:08  Marauder, Unknown  
  147  14:10  Marine x2, Marauder  
  147  14:13  Marauder  
  147  14:15  Marine x2, Siege Tank  
  158  14:18  SCV x3  
  158  14:19  Marine  
  158  14:20  Marauder  
  164  14:27  Medivac x2  
  164  14:28  Marine, Marauder  
  171  14:32  Marine, Marauder  
  171  14:33  Marauder  
  176  14:39  Siege Tank  
  176  14:40  Marine  
  176  14:41  Marauder  
  176  14:44  Marine, Marauder  
  176  14:45  Marine  
  185  14:46  Marine  
  185  14:49  Marine  
  187  14:54  SCV x2, Missile Turret  
  187  15:01  Marine  
  187  15:02  Marauder  
  187  15:07  Marine x2  
  180  15:13  SCV, Medivac  
  185  15:14  Missile Turret  
  185  15:15  Medivac  
  185  15:16  SCV  
  185  15:20  Marine, Refinery  
  185  15:21  Marine x4  
  191  15:22  Refinery  
  191  15:23  Marine  
  191  15:24  Marine  
  195  15:29  Marine  
  195  15:34  Marine  
  195  15:35  Planetary Fortress, Unknown x2  
  198  15:37  Refinery x2  
  198  15:42  Siege Tank  
  197  15:43  Marine, Marauder  
  197  15:44  Marine  
  200  15:52  Missile Turret  
  200  15:54  Sensor Tower  
  200  15:57  Barracks Reactor  
  200  16:03  Unknown  
  200  16:07  Hi-Sec Auto Tracking  
  200  16:09  Missile Turret  
  200  16:10  Marine  
  200  16:13  Missile Turret  
  200  16:15  Missile Turret  
  200  16:17  Missile Turret  
  194  16:31  Siege Tank  
  180  16:35  Marine x2, Marauder  
  177  16:45  Marine  
  177  16:46  Marauder  
  169  16:52  Marine x2  
  169  16:53  Marauder x2  
  158  16:55  Marine x2  
  158  16:56  Marauder, Siege Tank  
  158  16:57  Marine, Siege Tank  
  158  16:58  Marauder  
  165  17:03  Marine  
  165  17:07  Marauder  
  147  17:10  Marine x2  
  147  17:13  Marine x3  
  152  17:20  SCV, Marine x2  
  150  17:33  Marine  
  147  17:45  Marine  
  147  17:46  Marine  
Tags
 
Add a new tag
Caveats
  • Supply blocks, unpowered buildings, or Contaminate may cause inaccurate times.
  • Supply counts are checked every 10 seconds.